 Dungeon Crawl Stone Soup version 0.16.1-11-g651b585 (webtiles) character file.

228 Psiweapon the Ruffian (level 5, -3/40 HPs)
             Began as a Minotaur Transmuter on Apr 2, 2015.
             Killed from afar by an orc wizard (4 damage)
             ... with a magic dart
             ... on level 4 of the Dungeon.
             The game lasted 00:10:02 (3426 turns).

Psiweapon the Ruffian (Minotaur Transmuter)         Turns: 3426, Time: 00:10:02

Health: -3/40      AC:  4    Str: 14    XL:     5   Next: 70%
Magic:  3/4        EV: 12    Int: 11    God:
Gold:   94         SH:  0    Dex: 11    Spells: 2 memorised, 3 levels left

rFire  . . .     SeeInvis .       - Unarmed
rCold  . . .     Clarity  .     i - +0 leather armour
rNeg   . . .     SustAb   .     (no shield)
rPois  .         Gourm    .     (helmet restricted)
rElec  .         Spirit   .     (no cloak)
rCorr  .         Warding  .     m - +0 pair of gloves
rMut   .         Stasis   .     (boots unavailable)
MR     .....                    (no amulet)
Stlth  +.........               (no ring)
                                (no ring)

@: appendage (expiring), not resistant to hostile enchantments, very unstealthy
A: retaliatory headbutt, horns 2, talons 3
a: End Transformation


You were on level 4 of the Dungeon.
You were hungry.
You had grown temporary talons.
You visited 1 branch of the dungeon, and saw 5 of its levels.

You collected 94 gold pieces.

Inventory:

Hand weapons
 t - a +0 blowgun
Missiles
 b - 36 arrows
 h - 25 poisoned needles
 r - 16 arrows of flame
 u - 2 curare-tipped needles
 w - 7 needles of paralysis
Armour
 c - a +0 robe
 i - a +0 leather armour (worn)
 m - a +0 pair of gloves (worn)
Scrolls
 l - a scroll of noise {unknown}
 n - 2 scrolls of identify {unknown}
 o - 5 scrolls of remove curse {unknown}
 p - a scroll of enchant weapon {unknown}
Potions
 e - 2 potions of might {unknown}
 g - 3 potions of restore abilities
 j - a potion of agility {unknown}
 k - a potion of haste {unknown}
 s - a potion of mutation {unknown}
 v - a potion of heal wounds {unknown}
 x - a potion of curing {unknown}
Books
 d - a book of Changes

   Spells                             Type                      Level
   a - Beastly Appendage              Transmutation                1
   b - Sticks to Snakes               Transmutation                2
   c - Spider Form                    Transmutation/Poison         3
   d - Ice Form                       Ice/Transmutation            4
   e - Blade Hands                    Transmutation                5
Comestibles
 a - 5 bread rations
 f - 8 fruits
 q - a slice of pizza


   Skills:
 - Level 1.2 Fighting
 - Level 2.1 Dodging
 + Level 5.2 Unarmed Combat
 - Level 1.3 Spellcasting
 + Level 3.9 Transmutations


You had 3 spell levels left.
You knew the following spells:

 Your Spells              Type           Power        Failure   Level  Hunger
a - Beastly Appendage     Trmt           #.....       10%         1    ##.....
b - Sticks to Snakes      Trmt           #.........   14%         2    ###....


Dungeon Overview and Level Annotations

Branches:
Dungeon (5/15)
 Temple: D:4-7

Altars:


Innate Abilities, Weirdness & Mutations

You reflexively headbutt those who attack you in melee.
You have a pair of horns on your head.
You have claws for feet.


Message History

Casting: Beastly Appendage
Confirm with . or Enter, or press ? or * to list all spells.
Your feet morph into talons.
Something hits you.
* * * LOW HITPOINT WARNING * * *
You closely miss something. Your kick misses something.
You hear some strange, mumbled words.
The magic dart hits you!
* * * LOW HITPOINT WARNING * * *
You barely miss something.
Your transformation is almost over.
Something hits you.
* * * LOW HITPOINT WARNING * * *
You miss something. You claw something. You headbutt something.
Something hits you.
* * * LOW HITPOINT WARNING * * *
Drink which item? (? for menu, Esc to quit)
It was a potion of restore abilities.
You feel refreshed.
You hear some strange, mumbled words.
The magic dart hits you!
You die...

#.##........>(#
#....รท........##
#.##.#.##.###....
#.##.#.##..##.#
#.##.#.##...#.#
#......#......#
#......<......## #
...............#####.....
#..............{@........
. .........>.###........
######...### #######
##.## ##


There were no monsters in sight!

Vanquished Creatures
  A giant frog skeleton (D:5)
  A centaur skeleton (D:4)
  A worker ant (D:4)
  3 adders
  A gnoll (D:3)
  4 orcs (D:3)
  2 ball pythons
  18 bats
  6 goblins
  7 hobgoblins
  4 jackals (D:1)
  7 kobolds
  A quokka (D:2)
  6 giant cockroaches
  3 giant geckos
  3 giant newts
  14 rats
82 creatures vanquished.

Vanquished Creatures (collateral kills)
  An orc priest (D:3)
  An orc (D:3)
2 creatures vanquished.

Grand Total: 84 creatures vanquished

Notes
Turn   | Place    | Note
--------------------------------------------------------------
     0 | D:1      | Psiweapon, the Minotaur Transmuter, began the quest for the Orb.
     0 | D:1      | Reached XP level 1. HP: 16/16 MP: 2/2
   284 | D:1      | Reached XP level 2. HP: 12/23 MP: 2/2
  1253 | D:2      | Reached XP level 3. HP: 28/28 MP: 3/3
  1280 | D:2      | Reached skill level 4 in Unarmed Combat
  1615 | D:2      | Reached XP level 4. HP: 28/35 MP: 2/4
  1650 | D:2      | Learned a level 2 spell: Sticks to Snakes
  2586 | D:3      | Reached XP level 5. HP: 27/40 MP: 1/4
  3154 | D:4      | Reached skill level 5 in Unarmed Combat
  3382 | D:5      | Entered Level 5 of the Dungeon
  3424 | D:4      | HP: 2/40 [something (4)]
  3426 | D:4      | Killed from afar by an orc wizard

Action                   |  1- 3 |  4- 6 || total
-------------------------+-------+-------++-------
Melee: Unarmed           |    96 |   126 ||   222
 Cast: Beastly Appendage |     6 |    12 ||    18
       Sticks to Snakes  |       |     1 ||     1
  Use: Potion            |       |     1 ||     1
 Stab: Distracted        |       |     1 ||     1
  Eat: Chunk             |     2 |     6 ||     8
